 Dungeon Crawl Stone Soup version 0.18.1-50-g88ac8fd (webtiles) character file.

35667 nikopol the Cleaver (level 13, -6/117 (118) HPs)
             Began as a Minotaur Berserker on Sept 24, 2016.
             Was the Champion of Trog.
             Mangled by a sun demon (8 damage)
             ... on level 3 of the Abyss on Sept 25, 2016.
             The game lasted 00:51:08 (16457 turns).

nikopol the Cleaver (Minotaur Berserker)           Turns: 16457, Time: 00:51:08

HP:   -6/117 (118)  AC: 20    Str: 24    XL:     13   Next: 48%
MP:   0/12          EV: 19    Int:  4    God:    Trog [******]
Gold: 1044          SH:  0    Dex: 19    Spells: 0 memorised, 12 levels left

rFire  + . .     SeeInvis .     a - +5 war axe (flame)
rCold  . . .     Gourm    .     P - +3 scale mail
rNeg   . . .     Faith    .     (no shield)
rPois  +         Spirit   +     w - +1 hat
rElec  .         Dismiss  .     q - +2 cloak {rPois}
rCorr  .         Reflect  .     i - +2 pair of gloves {Dex+3}
SustAt .         Harm     .     (no boots)
MR     .....                    H - amulet of guardian spirit
Stlth  ..........               r - +3 ring of dexterity
                                g - ring of protection from fire

@: not resistant to hostile enchantments, extremely unstealthy
A: retaliatory headbutt, horns 2, sense surroundings 1
a: Berserk, Trog's Hand, Brothers in Arms, Burn Spellbooks, Renounce Religion


You were on level 3 of the Abyss.
You worshipped Trog.
Trog was exalted by your worship.
You were not hungry.

You visited 2 branches of the dungeon, and saw 15 of its levels.
You visited the Abyss 1 time.
You also visited: Sewer and Volcano.

You collected 1044 gold pieces.

Inventory:

Hand Weapons
 a - a +5 war axe of flaming (weapon)
 p - a +1 antimagic executioner's axe
 z - a +2 longbow of evasion
 T - a +5 antimagic war axe
 U - a +3 battleaxe of distortion
Missiles
 l - 165 arrows (quivered)
Armour
 i - a +2 pair of gloves of dexterity (worn)
 q - a +2 cloak of poison resistance (worn)
 w - a +1 hat (worn)
 P - a +3 scale mail (worn)
Jewellery
 g - a ring of protection from fire (left hand)
 h - an uncursed ring of flight
 r - a +3 ring of dexterity (right hand)
 s - a cursed -6 ring of evasion {unknown}
 B - an uncursed ring of protection from cold
 F - an uncursed ring of sustain attributes
 H - an amulet of guardian spirit (around neck)
Wands
 f - a wand of iceblast (9/15)
 k - a wand of random effects (8/48)
 G - a wand of disintegration (19/24)
 L - a wand of disintegration (11/24)
 M - a wand of paralysis (9/24)
Scrolls
 b - 5 scrolls of fear
 e - 2 scrolls of magic mapping
 m - 5 scrolls of blinking
 n - 4 scrolls of remove curse
 v - a scroll of recharging
 y - 2 scrolls of teleportation
 A - 2 scrolls of enchant weapon {unknown}
 V - a scroll of identify
Potions
 j - 2 potions of haste
 t - a potion of agility
 u - 4 potions of flight
 x - 4 potions of might
 D - 9 potions of heal wounds
 E - a potion of ambrosia
 I - 4 potions of curing
 J - 4 potions of brilliance
 K - a potion of beneficial mutation
 N - a potion of invisibility
 O - a potion of cancellation {unknown}
 S - 2 potions of magic {unknown}
Books
 o - a book of Alchemy

   Spells                             Type                      Level
   a - Sublimation of Blood           Necromancy                   2
   b - Ignite Poison                  Fire/Transmutation/Poison    3
   c - Petrify                        Transmutation/Earth          4
   d - Alistair's Intoxication        Transmutation/Poison         5
   e - Irradiate                      Conjuration/Transmutation    5
   Trog disapproves of the use of such an item.
Comestibles
 c - 5 bread rations
 d - 8 meat rations
 C - 2 fruits
 Q - 10 royal jellies
 R - a slice of pizza
 W - 3 chunks of flesh


   Skills:
 + Level 12.0 Fighting
 * Level 14.6 Axes
 * Level 11.4 Bows
 + Level 11.9 Armour
 + Level 11.0 Dodging


You had 12 spell levels left.
You didn't know any spells.

Dungeon Overview and Level Annotations

Branches:
Dungeon (10/15)            Temple (0/1) D:6            Lair (5/8) D:10
  Swamp (0/4) Lair:3        Snake (0/4) Lair:3
    Orc: D:9-12

Altars:
Dithmenos
Elyvilon
Fedhas
Gozag
Makhleb
Nemelex Xobeh
Pakellas
Sif Muna
Vehumet
Xom
Yredelemnul
Zin
The Shining One

Shops:
D:4 ?   D:10 (

Annotations:
D:2 1 exclusion


Innate Abilities, Weirdness & Mutations

You reflexively headbutt those who attack you in melee.
You have a pair of horns on your head.
You passively map a small area around you.


Message History

You are engulfed in flames.
You resist.
* * * LOW HITPOINT WARNING * * *
You are too injured to fight recklessly!
You are too injured to fight recklessly!
You hit the sun demon.
The sun demon is moderately wounded.
The sun demon hits you!!
* * * LOW HITPOINT WARNING * * *
You are engulfed in flames!
You resist.
* * * LOW HITPOINT WARNING * * *
You barely miss the sun demon.
The sun demon is moderately wounded.
The sun demon barely misses you. You furiously retaliate!
You headbutt the sun demon. You barely miss the sun demon.
You headbutt the sun demon!
The sun demon is heavily wounded.
The sun demon hits you!
* * * LOW HITPOINT WARNING * * *
You are engulfed in flames!
You resist.
You die...

≈≈ #≈ #≈# #
##≈≈## .# ..
##.≈≈(. #..#
#.#.#≈≈(# .#.#
#....♣(.# ... .
#...#≈≈@# .##
#..(3#. .#..
##....##≈≈.......
..###(≈≈...#.#.
#.##...)≈♣.#. ..#
#.. ...≈≈#....#
#...#..♣≈#..### #
..###.......
#....### . .###..


You could see a sun demon.

Vanquished Creatures
  Gastronok (Lair:1)
  The ghost of daning the Fencer, a journeyman HESk of Okawaru (Lair:3)
  A starcursed mass (Abyss:3)
  A white draconian (Abyss:3)
  The ghost of theElss the Thaumaturge, a journeyman HECj of Vehumet (Volcano)
  Fannar (Lair:1)
  4 hydras
  Erica (Lair:1)
  A queen ant (Lair:3)
  Urug (Lair:2)
  A lindwurm (Volcano)
  A hill giant (D:10)
  2 griffons
  3 large abominations (Abyss:3)
  A worldbinder (Abyss:3)
  3 black mambas
  7 spiny frogs
  2 molten gargoyles (Volcano)
  2 gargoyles (Volcano)
  5 komodo dragons
  A polar bear (Lair:4)
  Prince Ribbit (D:9)
  8 blink frogs
  Sigmund (D:2)
  20 yaks
  A water elemental (Abyss:3)
  A wyvern (D:6)
  A basilisk (Lair:1)
  2 hippogriffs
  A hungry ghost (D:9)
  7 fire elementals
  Grum (D:8)
  A mottled dragon (D:10)
  An insubstantial wisp (Lair:3)
  5 soldier ants (Lair:3)
  10 water moccasins
  6 sky beasts
  6 orc warriors
  3 ice beasts
  4 porcupines
  2 phantoms
  2 wolves (D:8)
  5 ogres
  2 necrophages
  2 centaurs
  7 crocodiles
  Blork the orc (D:4)
  2 big kobolds
  15 giant frogs
  A gnoll sergeant (D:5)
  2 scorpions
  5 killer bees (D:10)
  4 howler monkeys
  4 crimson imps
  2 centaur zombies
  A quasit (D:8)
  4 jellies
  Crazy Yiuf (D:3)
  A giant frog skeleton (D:10)
  4 orc priests
  Terence (D:2)
  17 iguanas
  Ijyb (D:2)
  10 orc wizards
  16 worker ants
  14 sheep
  A hound skeleton (D:5)
  2 worker ant zombies
  11 gnolls
  11 adders
  32 river rats
  4 shadow imps
  7 oozes
  6 worms
  3 dart slugs
  12 giant geckos
  32 orcs
  A ball python (D:1)
  6 bats
  7 giant cockroaches
  11 goblins
  12 hobgoblins
  5 jackals
  12 kobolds
  5 quokkas
  7 giant newts
  2 quokka skeletons
  A quokka zombie (D:5)
  5 rats
  2 fire vortices (Volcano)
  4 fungi
  A lurking horror (Abyss:3)
449 creatures vanquished.

Vanquished Creatures (others)
  3 fungi
3 creatures vanquished.

Grand Total: 452 creatures vanquished

Notes
Turn   | Place    | Note
--------------------------------------------------------------
     0 | D:1      | nikopol the Minotaur Berserker began the quest for the Orb.
     0 | D:1      | Reached XP level 1. HP: 19/19 MP: 0/0
    77 | D:1      | Reached XP level 2. HP: 13/27 MP: 1/1
   932 | D:2      | Noticed Sigmund
   935 | D:2      | Reached skill level 4 in Axes
   935 | D:2      | Reached XP level 3. HP: 28/33 MP: 2/2
   943 | D:2      | Killed Sigmund
   943 | D:2      | Reached XP level 4. HP: 41/41 MP: 3/3
   943 | D:2      | Reached XP level 5. HP: 47/47 MP: 4/4
   992 | D:2      | Found a deep blue altar of Sif Muna.
  1045 | D:2      | Reached skill level 5 in Fighting
  1052 | D:2      | Reached ** piety under Trog
  1110 | D:2      | Found a basalt altar of Yredelemnul.
  1244 | D:2      | Noticed Ijyb
  1253 | D:2      | Killed Ijyb
  1253 | D:2      | Reached skill level 5 in Axes
  1338 | D:2      | Noticed Terence
  1343 | D:2      | Killed Terence
  1343 | D:2      | Reached XP level 6. HP: 56/56 MP: 5/5
  1656 | D:3      | Found a burning altar of Makhleb.
  1700 | D:3      | Noticed Crazy Yiuf
  1708 | D:3      | Killed Crazy Yiuf
  1891 | D:3      | Found a glowing silver altar of Zin.
  1891 | D:3      | Found a shimmering altar of Xom.
  1891 | D:3      | Noticed an angel
  1899 | D:3      | Reached *** piety under Trog
  2173 | D:3      | Reached XP level 7. HP: 28/62 MP: 6/6
  2605 | D:3      | Reached skill level 5 in Armour
  2757 | D:4      | Reached skill level 6 in Axes
  3004 | D:4      | Found a shadowy altar of Dithmenos.
  3007 | D:4      | Noticed Blork the orc
  3010 | D:4      | Reached skill level 5 in Dodging
  3014 | D:4      | Killed Blork the orc
  3250 | D:4      | Reached **** piety under Trog
  3288 | D:4      | Found a blossoming altar of Fedhas.
  3318 | D:4      | Found Kiov's Magic Scroll Boutique.
  3433 | D:5      | Entered Level 5 of the Dungeon
  3461 | D:5      | Found a glowing drain.
  3485 | Sewer    | Entered a sewer
  3568 | Sewer    | Reached XP level 8. HP: 66/71 MP: 7/7
  3603 | Sewer    | Found a white marble altar of Elyvilon.
  3658 | Sewer    | Gained mutation: You passively map a small area around you. [potion of beneficial mutation]
  3882 | D:5      | Reached skill level 7 in Axes
  4021 | D:5      | Found a sparkling altar of Nemelex Xobeh.
  4427 | D:6      | Found a staircase to the Ecumenical Temple.
  4428 | D:6      | Reached ***** piety under Trog
  4466 | D:6      | Reached skill level 8 in Axes
  4724 | D:6      | Reached XP level 9. HP: 81/81 MP: 8/8
  5488 | D:6      | Found an opulent altar of Gozag.
  5495 | D:6      | Found a white marble altar of Elyvilon.
  5731 | D:7      | Found a glowing golden altar of the Shining One.
  5789 | D:7      | Reached skill level 1 in Bows
  6148 | D:7      | Found a radiant altar of Vehumet.
  6250 | D:7      | Reached skill level 9 in Axes
  6789 | D:8      | Noticed Grum
  6798 | D:8      | Killed Grum
  7009 | D:8      | Received a gift from Trog
  7297 | D:8      | Reached XP level 10. HP: 16/91 MP: 3/9
  7792 | D:9      | Reached skill level 10 in Axes
  8338 | D:9      | Found an oddly glowing altar of Pakellas.
  8612 | D:9      | Noticed Prince Ribbit
  8624 | D:9      | Killed Prince Ribbit
  8740 | D:10     | Entered Level 10 of the Dungeon
  8747 | D:10     | Reached skill level 5 in Bows
  8978 | D:10     | Noticed a hill giant
  8986 | D:10     | Killed a hill giant
  9212 | D:10     | Found Wisitt's Weapon Shoppe.
  9383 | D:10     | Reached skill level 11 in Axes
  9477 | D:10     | Reached XP level 11. HP: 87/98 MP: 3/10
  9490 | D:10     | Found a staircase to the Lair.
  9533 | D:10     | Received a gift from Trog
  9977 | Lair:1   | Entered Level 1 of the Lair of Beasts
  9987 | Lair:1   | Reached skill level 10 in Fighting
 10012 | Lair:1   | Noticed a four-headed hydra
 10023 | Lair:1   | Killed a nine-headed hydra
 10329 | Lair:1   | Noticed Erica
 10344 | Lair:1   | Killed Erica
 10621 | Lair:1   | Noticed Gastronok
 10633 | Lair:1   | Killed Gastronok
 10633 | Lair:1   | Reached skill level 12 in Axes
 10869 | Lair:1   | Noticed Fannar
 10873 | Lair:1   | Reached skill level 10 in Armour
 10887 | Lair:1   | Killed Fannar
 10887 | Lair:1   | Received a gift from Trog
 11686 | Lair:2   | Found a dark tunnel.
 11691 | Volcano  | Entered a volcano
 11982 | Volcano  | Noticed a lindwurm
 11988 | Volcano  | Killed a lindwurm
 11988 | Volcano  | Reached XP level 12. HP: 96/107 MP: 8/11
 12079 | Volcano  | Noticed theElss's ghost (journeyman HECj)
 12086 | Volcano  | Killed theElss's ghost
 12612 | Lair:2   | Reached skill level 10 in Dodging
 12628 | Lair:2   | Reached ****** piety under Trog
 12628 | Lair:2   | Reached skill level 13 in Axes
 12774 | Lair:2   | Noticed a five-headed hydra
 12786 | Lair:2   | Killed a two-headed hydra
 12786 | Lair:2   | Received a gift from Trog
 13075 | Lair:2   | Noticed a five-headed hydra
 13083 | Lair:2   | Killed a three-headed hydra
 13234 | Lair:2   | Noticed Urug
 13259 | Lair:2   | Killed Urug
 13259 | Lair:2   | Reached skill level 10 in Bows
 14128 | Lair:3   | Found a staircase to the Swamp.
 14251 | Lair:3   | Noticed daning's ghost (journeyman HESk)
 14271 | Lair:3   | Killed daning's ghost
 14304 | Lair:3   | Received a gift from Trog
 14622 | Lair:3   | Received a gift from Trog
 14711 | Lair:3   | Noticed a queen ant
 14725 | Lair:3   | Killed a queen ant
 14725 | Lair:3   | Reached XP level 13. HP: 92/115 MP: 10/12
 14735 | Lair:3   | Reached skill level 14 in Axes
 15115 | Lair:3   | Found a staircase to the Snake Pit.
 16056 | Lair:4   | Received a gift from Trog
 16311 | Lair:5   | Received a gift from Trog
 16316 | Lair:5   | Cast into level 3 of the Abyss (a distortion unwield)
 16350 | Abyss:3  | Noticed a starcursed mass
 16364 | Abyss:3  | Killed a starcursed mass
 16412 | Abyss:3  | Noticed a white draconian
 16426 | Abyss:3  | Killed a white draconian
 16436 | Abyss:3  | Noticed an ironheart preserver
 16444 | Abyss:3  | Noticed an ironheart preserver
 16457 | Abyss:3  | HP: 2/117 [sun demon (10)]
 16457 | Abyss:3  | Mangled by a sun demon

Skill      XL: |  1  2  3  4  5  6  7  8  9 10 11 12 13 |
---------------+----------------------------------------+-----
Fighting       | 4 5 6 7 9 10 11 12 | 12.0
Axes           | 4 5 6 8 9 11 12 13 14 | 14.6
Armour         | 3 4 5 7 8 9 10 11 | 11.9
Dodging        | 3 4 5 6 7 8 9 10 11 | 11.0
Bows           | 3 6 8 10 11 | 11.4

Action                   |  1- 3 |  4- 6 |  7- 9 | 10-12 | 13-15 || total
-------------------------+-------+-------+-------+-------+-------++-------
Melee: Hand axe          |    50 |   137 |    39 |       |       ||   226
       Headbutt          |    13 |    35 |    48 |    87 |    35 ||   218
       War axe           |       |       |   180 |   131 |   134 ||   445
       Executioner's axe |       |       |    16 |   200 |       ||   216
 Fire: Shortbow          |       |       |   102 |   165 |       ||   267
       Longbow           |       |       |       |   116 |    83 ||   199
Invok: Berserk           |     1 |     2 |     4 |     8 |       ||    15
       Burn Spellbooks   |       |       |     3 |     2 |     1 ||     6
 Abil: Evoke Flight      |       |       |       |     2 |       ||     2
  Use: Scroll            |       |       |     7 |    19 |       ||    26
       Potion            |       |       |     2 |       |       ||     2
  Eat: Chunk             |       |     6 |    20 |    28 |     5 ||    59
       Beef jerky        |       |       |       |     4 |       ||     4
       Royal jelly       |       |       |       |     1 |       ||     1
       Bread ration      |       |       |       |     1 |       ||     1
       Fruit             |       |       |       |     1 |       ||     1
Armor: Animal skin       |     4 |       |       |       |       ||     4
       Ring mail         |     3 |    25 |       |       |       ||    28
       Scale mail        |       |    30 |   122 |   129 |    24 ||   305
Dodge: Dodged            |    33 |    63 |   156 |   297 |    83 ||   632
